AoeStats
← KaLong

Nomad

508164803Analyzed
4v4 RM · 11d ago on Sep 21, 2026· 24m 56s· 8 players
Game mode
Random Map
Map size
231×231
Population
200
Speed
Normal
Resources
Standard
Victory
Conquest
Starting age
Dark Age
Ending age
Imperial Age
RankedLock teamsTeams togetherTeam positionsShared explorationLock speedFull tech treeHidden civsTurbo modeCheats
Victory
Defeat
🇨🇳 Koreans · China
1703
+9
🇻🇳 Mongols · Vietnam
1487
+17
🇨🇳 Dravidians · China
1399
+21
🇨🇳 Hindustanis · China
1361
+21
🇺🇸 Hindustanis · United States
1529
-18
🇻🇳 Persians · Vietnam
1518
-17
🇹🇷 Persians · Türkiye
1506
-17
🇺🇸 Wu · United States
1486
-16
VNS_MZ
3:55 Loom
12:40 Feudal Age
15:03 Double-Bit Axe
17:27 Castle Age
15:42 Gold Mining
17:24 Fletching
17:38 Crossbowman
18:58 Bodkin Arrow
24:07 Wheelbarrow
爱睡懒觉
5:21 Loom
13:19 Feudal Age
14:18 Town Watch
17:11 Castle Age
15:27 Double-Bit Axe
16:21 Gold Mining
18:03 Medium Warships
18:22 Bow Saw
18:53 Gold Shaft Mining
20:16 Fletching
20:34 Fishing Lines
_LX_
4:09 Loom
15:14 Feudal Age
18:53 Castle Age
21:08 Scale Mail Armor
21:18 Forging
21:57 Wheelbarrow
21:24 Town Watch
21:30 Double-Bit Axe
21:56 Horse Collar
rayklin
13:51 Feudal Age
14:33 Double-Bit Axe
15:04 Fishing Lines
15:19 Loom
18:16 Castle Age
16:09 Horse Collar
16:54 Gold Mining
18:05 Fletching
19:35 Bow Saw
19:26 Bodkin Arrow
21:19 Husbandry
23:24 Ballistics
25:13 Wheelbarrow
24:19 Horse Collar
shogun
3:47 Loom
15:18 Feudal Age
17:07 Fletching
17:41 Padded Archer Armor
20:03 Wheelbarrow
19:23 Double-Bit Axe
25:55 Castle Age
BomBomB0
4:28 Loom
13:35 Feudal Age
18:10 Castle Age
16:32 Fishing Lines
19:30 Double-Bit Axe
20:38 Bow Saw
20:46 Husbandry
20:59 Forging
20:55 Scale Barding Armor
20:44 Town Watch
21:44 Medium Warships
22:45 Wheelbarrow
KaLong
5:32 Loom
14:26 Feudal Age
18:49 Castle Age
16:59 Double-Bit Axe
17:35 Fishing Lines
18:51 Demolition Ship
19:43 Medium Warships
19:30 Gillnets
19:54 Bow Saw
The_ropztr
4:12 Loom
13:06 Feudal Age
17:49 Castle Age
20:33 Scale Barding Armor
21:14 Husbandry
22:44 Bloodlines
Connection lost

Rejoining the realm…

Still unreachable

The connection could not be restored.

Session expired

The server has moved on; the page needs a fresh start.